 Dungeon Crawl Stone Soup version 0.19.0-20-gbc5f0c6 (webtiles) character file.

11252 dracos369 the Grappler (level 11, -6/109 HPs)
             Began as a Troll Berserker on Nov 17, 2016.
             Was a High Priest of Trog.
             Mangled by a spiny frog (20 damage)
             ... on level 4 of the Lair of Beasts.
             The game lasted 00:40:43 (8986 turns).

dracos369 the Grappler (Troll Berserker)            Turns: 8986, Time: 00:40:43

Health: -6/109     AC:  5    Str: 27    XL:     11   Next: 46%
Magic:  13/13      EV: 18    Int:  3    God:    Trog [*****.]
Gold:   785        SH:  0    Dex: 16    Spells: 0 memorised, 10 levels left

rFire  . . .     SeeInvis .       - Unarmed
rCold  . . .     Gourm    +     a - +0 animal skin
rNeg   . . .     Faith    .     (no shield)
rPois  .         Spirit   .     (helmet restricted)
rElec  .         Reflect  .     (no cloak)
rCorr  .         Harm     .     (gloves unavailable)
MR     .....                    (boots unavailable)
Stlth  +.........               r - amulet of regeneration
                                B - +5 ring of evasion
                                m - +4 ring of dexterity

@: no status effects
A: unfitting armour, claws 3, fast metabolism 3, gourmand, regeneration 1,
shaggy fur 1, tough skin 2
a: Berserk, Trog's Hand, Brothers in Arms, Burn Spellbooks, Renounce Religion


You were on level 4 of the Lair of Beasts.
You worshipped Trog.
Trog was extremely pleased with you.
You were completely stuffed.

You visited 2 branches of the dungeon, and saw 14 of its levels.
You also visited: Labyrinth.

You collected 785 gold pieces.

Inventory:

Hand Weapons
 A - a +0 blowgun
Missiles
 H - 10 large rocks
 M - 3 javelins of penetration
 O - 2 tomahawks of returning (quivered)
 R - 4 needles of frenzy
 T - 12 poisoned needles
 V - 13 tomahawks
Armour
 a - a +0 animal skin (worn)
Rods
 d - a +1 iron rod (9/9)
   (You took it off a minotaur in a labyrinth)
Jewellery
 i - a cursed +3 amulet of reflection {unknown}
 m - a +4 ring of dexterity (left claw)
 r - an amulet of regeneration (around neck)
 x - an uncursed ring of protection from magic
 B - a +5 ring of evasion (right claw)
 G - an uncursed ring of stealth
Wands
 q - a wand of slowing (9/48)
 u - a wand of flame (31/48)
 y - a wand of iceblast (10/15)
 z - a wand of polymorph (0/24)
 I - a wand of lightning (4/15)
 L - a wand of digging (13/24)
 N - a wand of acid (7/15)
 S - a wand of confusion (37/48)
Scrolls
 c - 4 scrolls of remove curse
 g - 3 scrolls of magic mapping
 h - a scroll of noise {unknown}
 j - 2 scrolls of blinking {unknown}
 k - 4 scrolls of teleportation {unknown}
 l - 3 scrolls of enchant weapon {unknown}
 o - a scroll of enchant armour {unknown}
 p - 2 scrolls of recharging {unknown}
 t - a scroll of random uselessness {unknown}
 v - 3 scrolls of fog {unknown}
 C - a scroll of fear {unknown}
 D - a scroll of acquirement {unknown}
 J - a scroll of immolation {unknown}
Potions
 e - 3 potions of curing
 s - 2 potions of lignification
 w - a potion of heal wounds
 F - 2 potions of invisibility
 K - a potion of might
 P - 2 potions of haste
 W - 2 potions of mutation
 Z - a potion of resistance {unknown}
Books
 X - a book of Geomancy

   Spells                             Type                      Level
   a - Sandblast                      Earth                        1
   b - Passwall                       Transmutation/Earth          2
   c - Stone Arrow                    Conjuration/Earth            3
   d - Petrify                        Transmutation/Earth          4
   e - Lee's Rapid Deconstruction     Earth                        5
   Trog disapproves of the use of such an item.
Miscellaneous
 Q - a box of beasts
 U - a phantom mirror
Comestibles
 b - 9 bread rations
 f - 2 beef jerkies
 n - 8 meat rations
 E - 7 fruits
 Y - 8 chunks of flesh


   Skills:
 + Level 7.3 Fighting
 * Level 9.2 Throwing
 + Level 5.7 Dodging
 - Level 10.5 Unarmed Combat
 - Level 4.0 Evocations


You had 10 spell levels left.
You didn't know any spells.

Dungeon Overview and Level Annotations

Branches:
Dungeon (8/15)             Temple (0/1) D:6            Lair (6/6) D:8
  Snake (0/4) Lair:4
  Swamp: Lair:2-4    Shoals: Lair:2-4     Slime: Lair:5-6

Altars:
Ashenzari
Hepliaklqana
Kikubaaqudgha
Okawaru
Qazlal
Uskayaw
Yredelemnul
The Shining One

Shops:
D:5 *


Innate Abilities, Weirdness & Mutations

You are too large for most types of armour.
You have claws for hands.
Your metabolism is lightning-fast.
You like to eat raw meat.
Your natural rate of healing is unusually fast.
You are covered in fur. (AC +1)
You have very tough skin. (AC +2)


Message History

The black mamba is almost dead.
You feel sick. The black mamba bites you! The spiny frog stings you.
The black mamba bites you!
You barely miss the black mamba.
The black mamba is almost dead.
You feel sick. The spiny frog stings you!
You are more poisoned.
The spiny frog poisons you! The black mamba bites you!
* * * LOW HITPOINT WARNING * * *
You are too injured to fight recklessly!
You are too injured to fight recklessly!
Unknown command.
You feel better. The black mamba bites you!
* * * LOW HITPOINT WARNING * * *
The spiny frog misses you. The black mamba bites you!
* * * LOW HITPOINT WARNING * * *
The spiny frog barely misses you.
Unknown command.
The black mamba misses you. The spiny frog stings you!!
You die...

### ** *****#**
#################P##
,***,*,*..####.#.#...##..#......#
,,,,,,,,.........................
,,,,,,,,........##...PP##........
,**,***,#.......##..####.........
.#*,,***#......S@#........####..#
..*,,,,,.......F#......##.#**####
..+,,,,,#.......##......P.#,,,,,.
.#*,,,,,##......#............,,,,
.#####,,*#.......#........P.,,,,.
..##.#####......##........P*,,,..
.................#...P.##.###,.#.
......<.........#..#.#.##.#.##.#.
.....∩...........................


You could see a black mamba and a spiny frog.

Vanquished Creatures
  A black mamba (Lair:4)
  10 spiny frogs
  A rime drake (Lair:4)
  2 komodo dragons
  A blink frog (Lair:4)
  Grinder (D:3)
  3 hippogriffs
  16 yaks
  A naga (Lair:4)
  3 porcupines
  Duvessa (D:6)
  4 water moccasins
  2 orc warriors (D:8)
  2 ogres
  A sky beast (D:8)
  A phantom (D:6)
  4 centaurs
  4 crocodiles
  2 big kobolds
  2 bullfrogs
  Dowan (D:6)
  A wyvern skeleton (D:8)
  2 scorpions (D:8)
  The ghost of dscm the Insei, a weakling OpTm (D:4)
  A centaur zombie (D:5)
  3 crimson imps
  A quasit (D:7)
  6 hounds
  2 jellies (D:6)
  3 orc priests
  3 orc wizards
  2 bullfrog skeletons
  Jessica (D:2)
  2 iguanas (D:4)
  A worker ant (D:8)
  A killer bee zombie (D:7)
  A hound zombie (D:6)
  A worker ant zombie (D:8)
  12 adders
  4 gnolls (D:6)
  A river rat (D:8)
  A shadow imp (D:6)
  3 oozes
  2 adder zombies
  An adder skeleton (D:6)
  2 worms
  2 dart slugs
  10 leopard geckos
  20 orcs
  6 giant cockroaches
  31 hobgoblins
  2 jackals (D:3)
  A quokka (D:8)
  21 bats
  5 frilled lizards
  42 goblins
  18 kobolds
  3 leopard gecko skeletons
  A leopard gecko zombie (D:8)
  A quokka zombie (D:8)
  12 rats
296 creatures vanquished.

Vanquished Creatures (collateral kills)
  A minotaur (Lab)
1 creature vanquished.

Vanquished Creatures (others)
  5 fungi
5 creatures vanquished.

Grand Total: 302 creatures vanquished

Notes
Turn   | Place    | Note
-------+----------+-------------------------------------------
     0 | D:1      | dracos369 the Troll Berserker began the quest for the Orb.
     0 | D:1      | Reached XP level 1. HP: 22/22 MP: 0/0
   222 | D:1      | Reached XP level 2. HP: 28/29 MP: 1/1
   389 | D:1      | Reached skill level 4 in Unarmed Combat
   523 | D:2      | Noticed Jessica
   533 | D:2      | Killed Jessica
   533 | D:2      | Reached XP level 3. HP: 36/36 MP: 2/2
   542 | D:2      | Reached ** piety under Trog
   607 | D:2      | Reached XP level 4. HP: 40/44 MP: 3/3
   658 | D:2      | Reached skill level 5 in Unarmed Combat
  1003 | D:3      | Found an ancient bone altar of Kikubaaqudgha.
  1003 | D:3      | Noticed Grinder
  1018 | D:3      | Killed Grinder
  1018 | D:3      | Reached skill level 6 in Unarmed Combat
  1018 | D:3      | Reached XP level 5. HP: 40/50 MP: 4/4
  1018 | D:3      | Reached XP level 6. HP: 47/59 MP: 5/5
  1086 | D:3      | Reached skill level 7 in Unarmed Combat
  1185 | D:3      | Reached *** piety under Trog
  1696 | D:3      | Reached skill level 8 in Unarmed Combat
  1696 | D:3      | Reached XP level 7. HP: 44/66 MP: 6/6
  1943 | D:4      | Found a shattered altar of Ashenzari.
  1947 | D:4      | Found a basalt altar of Yredelemnul.
  2102 | D:4      | Found a hide-covered altar of Uskayaw.
  2107 | D:4      | Noticed dscm's ghost (weakling OpTm)
  2111 | D:4      | Killed dscm's ghost
  2157 | D:4      | Reached skill level 9 in Unarmed Combat
  2362 | D:4      | Found a hazy altar of Hepliaklqana.
  2876 | D:5      | Entered Level 5 of the Dungeon
  2876 | D:5      | Found Idwa's Elemental Accessories.
  2909 | D:5      | Reached **** piety under Trog
  3066 | D:4      | Reached XP level 8. HP: 68/74 MP: 7/7
  3244 | D:5      | Found an iron altar of Okawaru.
  3712 | D:6      | Noticed Duvessa
  3712 | D:6      | Noticed Dowan
  3726 | D:6      | Killed Duvessa
  3726 | D:6      | Reached skill level 10 in Unarmed Combat
  3727 | D:6      | Killed Dowan
  3989 | D:6      | Found a glowing golden altar of the Shining One.
  4011 | D:6      | Found a stormy altar of Qazlal.
  4295 | D:6      | Found a staircase to the Ecumenical Temple.
  4986 | D:6      | Reached ***** piety under Trog
  5442 | D:7      | Received a gift from Trog
  5442 | D:7      | Reached skill level 1 in Evocations
  5759 | D:7      | Reached XP level 9. HP: 84/84 MP: 8/8
  5952 | D:8      | Reached skill level 1 in Throwing
  6195 | D:8      | Received a gift from Trog
  6313 | D:8      | Found a staircase to the Lair.
  6731 | Lair:1   | Entered Level 1 of the Lair of Beasts
  6731 | Lair:1   | Noticed a spiny frog
  6735 | Lair:1   | Killed a spiny frog
  6735 | Lair:1   | Reached skill level 5 in Fighting
  6783 | Lair:1   | Reached skill level 5 in Throwing
  6791 | Lair:1   | Reached XP level 10. HP: 36/96 MP: 11/11
  6911 | Lair:1   | Noticed a spiny frog
  6924 | Lair:1   | Killed a spiny frog
  6967 | Lair:1   | Received a gift from Trog
  7258 | Lair:1   | Noticed a spiny frog
  7261 | Lair:1   | Killed a spiny frog
  7436 | Lair:1   | Noticed a spiny frog
  7446 | Lair:1   | Killed a spiny frog
  7750 | Lair:2   | Noticed a spiny frog
  7752 | Lair:2   | Killed a spiny frog
  7869 | Lair:2   | Noticed an eight-headed hydra
  7907 | Lair:5   | Noticed a spiny frog
  7914 | Lair:5   | Killed a spiny frog
  7920 | Lair:5   | Noticed an elephant
  7924 | Lair:6   | Entered Level 6 of the Lair of Beasts
  7924 | Lair:6   | Noticed a spiny frog
  7926 | Lair:5   | Noticed an elephant
  7928 | Lair:5   | Noticed a four-headed hydra
  7928 | Lair:5   | Noticed an elephant
  7933 | Lair:5   | Noticed an elephant
  7998 | Lair:4   | Found a labyrinth entrance.
  8020 | Lab      | Entered a labyrinth
  8569 | Lab      | Noticed a minotaur
  8573 | Lab      | Killed a minotaur
  8573 | Lab      | Reached XP level 11. HP: 107/107 MP: 13/13
  8645 | Lair:4   | Reached skill level 5 in Dodging
  8695 | Lair:4   | Found a staircase to the Snake Pit.
  8986 | Lair:4   | Mangled by a spiny frog

Skill      XL: |  1  2  3  4  5  6  7  8  9 10 11 |
---------------+----------------------------------+-----
Unarmed Combat | 4 6 8 9 10 | 10.5
Fighting       | 4 5 6 7 |  7.3
Dodging        | 3 4 5 |  5.7
Evocations     | 1 3 4 |  4.0
Throwing       | 5 8 9 |  9.2

Action                   |  1- 3 |  4- 6 |  7- 9 | 10-12 || total
-------------------------+-------+-------+-------+-------++-------
Melee: Unarmed           |    60 |   129 |   396 |   116 ||   701
       Punch             |       |     3 |    14 |    13 ||    30
Throw: Tomahawk          |       |       |    12 |    31 ||    43
       Large rock        |       |       |       |     7 ||     7
Invok: Berserk           |     1 |     3 |     5 |     1 ||    10
       Burn Spellbooks   |       |     1 |       |     2 ||     3
       Brothers in Arms  |       |       |       |     1 ||     1
Evoke: Wand              |       |       |     7 |     1 ||     8
  Use: Scroll            |       |       |       |     8 ||     8
       Potion            |       |       |       |     2 ||     2
 Stab: Sleeping          |       |       |     4 |       ||     4
  Eat: Chunk             |    12 |    13 |    51 |    20 ||    96
       Royal jelly       |       |       |       |     1 ||     1
Armor: Animal skin       |    12 |    48 |   100 |     8 ||   168
Dodge: Dodged            |    23 |    74 |   221 |    66 ||   384
